 Dungeon Crawl Stone Soup version 0.20-a0-1050-g57248f3 (webtiles) character file.

430 Murumi the Covert (level 6, 0/44 HPs)
             Began as a Vampire Enchanter on Apr 25, 2017.
             Succumbed to a worker ant's poison
             ... on level 4 of the Dungeon.
             The game lasted 00:18:11 (5478 turns).

Murumi the Covert (Vampire Enchanter)               Turns: 5478, Time: 00:18:12

Health: 0/44       AC:  4    Str:  7    XL:     6   Next: 66%
Magic:  7/9        EV: 13    Int: 17    God:
Gold:   143        SH:  0    Dex: 17    Spells: 0/9 levels left

rFire    . . .     SeeInvis +   a - +1 dagger
rCold    + . .     Gourm    .   (no shield)
rNeg     + + .     Faith    .   b - +0 robe
rPois    +         Spirit   .   k - +0 helmet
rElec    .         Reflect  .   (no cloak)
rCorr    .         Harm     .   e - +0 pair of gloves {archery}
MR       .....                  (no boots)
Stlth    ++++++....             (no amulet)
Regen    0.1/turn               m - ring of wizardry
MPRegen  0.2/turn               (no ring)

@: lethally poisoned (0 -> -12), regenerating slowly
A: fangs 3, see invisible, unbreathing
a: Bat Form


You were on level 4 of the Dungeon.
You were near bloodless.

You visited 1 branch of the dungeon, and saw 4 of its levels.

You collected 143 gold pieces.

Inventory:

Hand Weapons
 a - a +1 dagger (weapon)
Armour
 b - a +0 robe (worn)
 e - a +0 pair of gloves of archery (worn)
 k - a +0 helmet (worn)
Jewellery
 m - a ring of wizardry (left hand)
Scrolls
 f - 2 scrolls of remove curse {unknown}
 h - 2 scrolls of enchant armour {unknown}
 i - 3 scrolls of teleportation {unknown}
 j - a scroll of random uselessness {unknown}
 l - 2 scrolls of fog {unknown}
 p - a scroll of noise {unknown}
Potions
 d - 12 potions of blood
 g - a potion of agility
 n - a potion of brilliance
Books
 c - a book of Maledictions

   Spells                             Type                      Level
   a - Corona                         Hexes                        1
   b - Ensorcelled Hibernation        Hexes/Ice                    2
   c - Confuse                        Hexes                        3
   d - Tukima's Dance                 Hexes                        3
   e - Dazzling Spray                 Conjuration/Hexes            3
 o - a book of Air

   Spells                             Type                      Level
   a - Shock                          Conjuration/Air              1
   b - Swiftness                      Charms/Air                   2
   c - Static Discharge               Conjuration/Air              3
   d - Airstrike                      Air                          4
   e - Lightning Bolt                 Conjuration/Air              5


   Skills:
 - Level 2.0 Fighting
 + Level 2.1 Short Blades
 - Level 2.1 Dodging
 - Level 10.2 Stealth
 - Level 2.0 Spellcasting
 - Level 5.1 Hexes


You couldn't memorise any spells.
You knew the following spells:

 Your Spells              Type           Power        Failure   Level  Hunger
a - Corona                Hex            ###....      1%          1    #......
b - Ensorcelled Hibernat  Hex/Ice        ##....       4%          2    ###....
c - Confuse               Hex            ###.....     2%          3    ###....
d - Tukima's Dance        Hex            ###.....     2%          3    ###....


Dungeon Overview and Level Annotations

Branches:
Dungeon (4/15)
 Temple: D:4-7

Altars:
Vehumet
The Shining One


Innate Abilities, Weirdness & Mutations

You heal slowly.
You have razor-sharp teeth.
You have supernaturally acute eyesight. (SInv)
You can survive without breathing.


Message History

The worker ant misses you.
You closely miss the worker ant. The worker ant bites you.
You are poisoned.
The worker ant poisons you!
You barely miss the worker ant. The worker ant bites you.
* * * LOW HITPOINT WARNING * * *
You are lethally poisoned!
The worker ant poisons you!
It was a potion of magic.
Magic courses through your body. The worker ant bites you!
* * * LOW HITPOINT WARNING * * *
Okay, then.
Okay, then.
Casting: Ensorcelled Hibernation
Confirm with . or Enter, or press ? or * to list all spells.
Aiming: Ensorcelled Hibernation
Press: ? - help, Shift-Dir - straight line, f/p - worker ant
Aim: a worker ant (chance to defeat MR: 50%)
The worker ant resists with some effort.
You die...

#... #......... .. ...
#<.# . ###.### #.## #.
##.....## # #..#
#..#.......#.###....
#..#.......#..........
#......_........#######
#.(.....#....#
#....@..#...#
##....a##...#######
#.####.####....#....#
#.................#
#########........##
######....##
#.####.....## #
#...........#####
#....%####.......


You could see a worker ant.

Vanquished Creatures
  The ghost of StormFighter the Slasher, an amateur TrMo (D:3)
  2 orc priests
  2 orc wizards (D:3)
  Terence (D:3)
  4 gnolls (D:3)
  6 adders
  An adder zombie (D:2)
  An adder skeleton (D:2)
  2 worms
  A dart slug (D:1)
  4 leopard geckos
  7 orcs
  2 bat skeletons (D:2)
  A bat zombie (D:2)
  9 giant cockroaches
  10 goblins
  13 hobgoblins
  11 jackals
  3 quokkas
  A ball python (D:3)
  2 ball python zombies (D:2)
  5 bats
  5 frilled lizards
  A jackal skeleton (D:2)
  A jackal zombie (D:2)
  9 kobolds
  A leopard gecko skeleton (D:2)
  2 quokka skeletons (D:2)
  3 rats
111 creatures vanquished.

Notes
Turn   | Place    | Note
-------+----------+-------------------------------------------
     0 | D:1      | Murumi the Vampire Enchanter began the quest for the Orb.
     0 | D:1      | Reached XP level 1. HP: 13/13 MP: 3/3
   282 | D:1      | Reached skill level 5 in Stealth
   303 | D:1      | Reached XP level 2. HP: 17/20 MP: 5/5
   307 | D:1      | Learned a level 2 spell: Ensorcelled Hibernation
   534 | D:1      | Reached skill level 1 in Fighting
  1028 | D:1      | Reached skill level 6 in Stealth
  1028 | D:1      | Reached XP level 3. HP: 26/26 MP: 6/6
  1033 | D:1      | Learned a level 3 spell: Confuse
  1559 | D:2      | Found a radiant altar of Vehumet.
  1674 | D:2      | Reached skill level 7 in Stealth
  1884 | D:2      | Reached XP level 4. HP: 32/32 MP: 7/7
  3053 | D:3      | Noticed StormFighter's ghost (amateur TrMo)
  3495 | D:3      | Reached skill level 8 in Stealth
  3646 | D:3      | Reached XP level 5. HP: 32/37 MP: 3/8
  4233 | D:3      | Killed StormFighter's ghost
  4233 | D:3      | Reached skill level 9 in Stealth
  4237 | D:3      | Reached skill level 10 in Stealth
  4237 | D:3      | Reached XP level 6. HP: 19/43 MP: 9/9
  4256 | D:3      | Learned a level 3 spell: Tukima's Dance
  4540 | D:3      | Found a faded altar of an unknown god.
  4758 | D:3      | Noticed Terence
  4761 | D:3      | Killed Terence
  5128 | D:4      | Reached skill level 5 in Hexes
  5458 | D:4      | Found a glowing golden altar of the Shining One.
  5477 | D:4      | HP: 1/44 [worker ant (7)]
  5478 | D:4      | Succumbed to a worker ant's poison

Vault maps used:
D:1:      ncdulo_wetmaze
D:2:      vehumet_crystals, serial_undead, serial_undead_f, serial_undead_c,
          serial_undead_b, serial_undead_d, serial_undead_e, serial_undead_a,
          serial_undead_f, serial_undead_f
D:3:      first_bread, chequers_ecumenical_altar_simple_redux, uniq_terence
D:4:      old_standard_altar

Skill      XL: |  1  2  3  4  5  6 |
---------------+-------------------+-----
Stealth        | 5 6 7 8 10 | 10.2
Fighting       | 1 2 |  2.0
Short Blades   | 2 |  2.1
Hexes          | 5 |  5.1
Dodging        | |  2.1
Spellcasting   | |  2.0

Action                   |  1- 3 |  4- 6 || total
-------------------------+-------+-------++-------
Melee: Dagger            |   152 |   268 ||   420
       Bite              |     9 |    19 ||    28
 Cast: Ensorcelled Hiber |     8 |    26 ||    34
       Confuse           |       |     5 ||     5
 Abil: End Transformatio |       |     2 ||     2
       Bat Form          |       |     2 ||     2
  Use: Scroll            |     1 |     2 ||     3
       Potion            |       |    13 ||    13
 Stab: Sleeping          |    22 |    29 ||    51
       Distracted        |     1 |       ||     1
       Confused          |       |     1 ||     1
       Invisible         |       |     6 ||     6
  Eat: Corpse            |       |     1 ||     1
Armor: Robe              |    20 |    40 ||    60
Dodge: Dodged            |    77 |   179 ||   256
